 Dungeon Crawl Stone Soup version 0.31-a0-44-g49d609d0da (webtiles) character file.

Game seed: 3907904759467501361

2009993 jfcaron the Acrobat (level 27, 442/442 HPs)
             Began as a Gnoll Transmuter on Jan 22, 2023.
             Was an Initiate of Gozag.
             Escaped with the Orb
             ... and 4 runes on May 21, 2023!
             The game lasted 06:44:31 (90035 turns).

jfcaron the Acrobat (Gnoll Transmuter)             Turns: 90035, Time: 06:44:32

Health: 442/442    AC: 35    Str: 26    XL:     27
Magic:  56/56      EV: 24    Int: 23    God:    Gozag
Gold:   92         SH: 20    Dex: 14    Spells: 13/66 levels left

rFire   + + .        a - +8 autumn katana {manifold assault}
rCold   . . .        N - +5 kite shield {rF+}
rNeg    + . .        k - melded +1 robe of Birdsong {Fly Regen+}
rPois   ∞            G - +2 hat of Grot {rF+ Regen+ rCorr SInv}
rElec   +            U - +2 cloak {Will+}
rCorr   +            H - melded +2 pair of gloves {hurl}
SInv    +            g - melded +2 pair of boots
Will    ++++.        V - amulet of Atheism {Regen+ Str+2} Stlth
                     e - ring of Byrezal {MP+9 Str+6 Slay+5}
HPRegen 2.53/turn    l - ring "Rumerr" {rElec Will+ Int+6}
MPRegen 0.35/turn

%: no passive effects
@: berserking, statue-form (expiring), hasted, studying 3 skills, bribing [the
Dungeon, the Realm of Zot, the Depths]
A: slow and powerful, torment resistance 1, boosted hp, fangs 1, strong nose,
distributed training, deformed body
0: Orb of Zot
}: 4/15 runes: serpentine, barnacled, slimy, silver
a: End Transformation, Renounce Religion, Potion Petition, Call Merchant, Bribe
Branch


You escaped.
You worshipped Gozag.
Gozag was noncommittal.
You were a living statue of rough stone.
You visited 11 branches of the dungeon, and saw 55 of its levels.
You visited 2 bazaars.
You also visited: Bailey, Ice Cave and Volcano.

You collected 38484 gold pieces.
You spent 8749 gold pieces at shops.
You paid 29643 gold pieces to Gozag.

Inventory:

Hand Weapons
 a - the +8 autumn katana (weapon) {manifold assault}
   (You found it on level 1 of the Depths)
 b - a +9 hand crossbow of freezing
   (You acquired it on level 5 of the Dungeon)
 F - the +7 sceptre of Torment {pain, torment}
   (You found it on level 3 of the Crypt)
Missiles
 h - 18 silver javelins {!f}
 o - 13 curare-tipped darts {!f}
 W - 6 boomerangs of dispersal {!f}
Armour
 g - a +2 pair of boots (melded)
 k - the +1 robe of Birdsong (melded) {Fly Regen+}
   (You found it on level 3 of the Elven Halls)

   Fly:       It grants you flight.
   Regen:     It increases your rate of health regeneration.
 G - the +2 hat of Grot (worn) {rF+ Regen+ rCorr SInv}
   (You acquired it on level 5 of the Vaults)

   rF:        It protects you from fire.
   SInv:      It lets you see invisible.
   Regen:     It increases your rate of health regeneration.
   rCorr:     It protects you from acid and corrosion.
 H - a +2 pair of gloves of hurling (melded)
   (You bought it in a shop on level 10 of the Dungeon)
 N - a +5 kite shield of fire resistance (worn)
   (You took it off a naga warrior on level 1 of the Snake Pit)
 U - a +2 cloak of willpower (worn)
   (You found it on level 3 of the Elven Halls)
Jewellery
 e - the ring of Byrezal (left fist) {MP+9 Str+6 Slay+5}
   (You took it off a deep elf high priest on level 5 of the Vaults)

   [ring of strength]

   Str:       It affects your strength (+6).
   Slay:      It affects your accuracy & damage with ranged weapons and melee
   (+5).
   MP:        It affects your magic capacity (+9).
 l - the ring "Rumerr" (right fist) {rElec Will+ Int+6}
   (You acquired it on level 9 of the Dungeon)

   [ring of intelligence]

   Int:       It affects your intelligence (+6).
   rElec:     It insulates you from electricity.
   Will:      It increases your willpower.
 q - a ring of protection from cold
   (You took it off a vault guard on level 5 of the Vaults)
 V - the amulet of Atheism (around neck) {Regen+ Str+2}
   (You found it on level 3 of the Crypt)

   [amulet of regeneration]

   Str:       It affects your strength (+2).
   Regen:     It increases your rate of health regeneration.
Wands
 n - a wand of charming (16)
   (You found it on level 1 of the Crypt)
 s - a wand of light (10)
   (You found it on level 3 of the Snake Pit)
 A - a wand of iceblast (27)
   (You found it on level 5 of the Dungeon)
 I - a wand of digging (29)
   (You found it on level 4 of the Shoals)
 R - a wand of mindburst (22)
   (You found it on level 2 of the Snake Pit)
Scrolls
 p - 31 scrolls of teleportation
 u - 6 scrolls of butterflies
 v - 12 scrolls of fog
 x - 9 scrolls of silence
 z - 6 scrolls of blinking
 D - 13 scrolls of poison
 J - 8 scrolls of fear
 S - 12 scrolls of immolation
 T - 8 scrolls of vulnerability
 Y - a scroll of torment
Potions
 c - 19 potions of heal wounds
 d - 25 potions of curing
 f - 9 potions of haste
 i - 11 potions of might
 j - 9 potions of magic
 m - 13 potions of cancellation
 r - 14 potions of mutation
 t - 4 potions of resistance
 B - 6 potions of ambrosia
 C - 13 potions of attraction
 E - 3 potions of brilliance
 K - 7 potions of invisibility
 M - 11 potions of lignification
 O - 6 potions of flight
Miscellaneous
 y - a condenser vane
   (You found it on level 3 of the Snake Pit)
 L - a phial of floods
   (You found it in an ice cave)
 P - a phantom mirror
   (You found it on level 3 of the Elven Halls)
 Q - a box of beasts
   (You found it on level 5 of the Pits of Slime)
 X - a lightning rod (4/4)
   (You found it on level 3 of the Crypt)
 Z - a tin of tremorstones (2/2)
   (You found it on level 2 of the Shoals)


   Skills:
 + Level 20.8 Fighting
 + Level 19.6 Short Blades
 + Level 19.6 Long Blades
 + Level 19.6 Axes
 + Level 19.6 Maces & Flails
 + Level 19.6 Polearms
 + Level 19.6 Staves
 + Level 19.6 Ranged Weapons
 + Level 19.6 Throwing
 + Level 19.6 Armour
 + Level 23.6 Dodging
 + Level 19.6 Stealth
 + Level 19.6 Shields
 + Level 20.4 Unarmed Combat
 + Level 20.1 Spellcasting
 + Level 16.7 Conjurations
 + Level 16.7 Hexes
 + Level 16.7 Summonings
 + Level 16.7 Necromancy
 + Level 16.7 Translocations
 + Level 17.1 Transmutations
 + Level 16.7 Fire Magic
 + Level 16.7 Ice Magic
 + Level 16.7 Air Magic
 + Level 16.7 Earth Magic
 + Level 18.8 Poison Magic
 + Level 21.1 Invocations
 + Level 19.6 Evocations


You had 13 spell levels left.
You knew the following spells:

 Your Spells              Type           Power      Damage    Failure   Level
a - Beastly Appendage     Tmut           100%       N/A       0%          1
b - Wereblood             Tmut           80%        N/A       0%          2
c - Blink                 Tloc           100%       N/A       0%          2
d - Ensorcelled Hibernat  Hex/Ice        100%       N/A       0%          2
e - Apportation           Tloc           100%       N/A       0%          1
f - Summon Lightning Spi  Summ/Air       79%        N/A       1%          4
g - Flame Wave            Conj/Fire      79%        2d17      1%          4
h - Lee's Rapid Deconstr  Erth           39%        3d19*     1%          5
i - Irradiate             Conj/Tmut      39%        3d24      1%          5
j - Iron Shot             Conj/Erth      39%        9d8       1%          6
k - Passwall              Tmut/Erth      65%        N/A       0%          2
l - Call Canine Familiar  Summ           79%        N/A       0%          3
m - Summon Mana Viper     Hex/Summ       79%        N/A       1%          5
n - Borgnjor's Vile Clut  Necr/Erth      39%        N/A       1%          5
o - Statue Form           Tmut/Erth      52%        N/A       1%          6

Your spell library contained the following spells:

 Spells                   Type           Power      Damage    Failure   Level
 Magic Dart               Conj           100%       1d8       0%          1
 Necrotise                Necr           100%       1d9       0%          1
 Sandblast                Erth           100%       2d20      0%          1
 Slow                     Hex            100%       N/A       0%          1
 Sting                    Tmut/Pois      100%       1d8       0%          1
 Summon Small Mammal      Summ           100%       N/A       0%          1
 Call Imp                 Summ           100%       N/A       0%          2
 Lesser Beckoning         Tloc           100%       N/A       0%          2
 Momentum Strike          Conj/Tloc      100%       3d10      0%          2
 Scorch                   Fire           100%       2d9       0%          2
 Searing Ray              Conj           100%       2d8       0%          2
 Static Discharge         Conj/Air       100%       2-7/arc   0%          2
 Sublimation of Blood     Necr           79%        N/A       0%          2
 Confusing Touch          Hex            79%        N/A       0%          3
 Dazzling Flash           Conj/Hex       100%       N/A       0%          3
 Gell's Gravitas          Tloc           79%        N/A       0%          3
 Hailstorm                Conj/Ice       79%        3d16      0%          3
 Ignite Poison            Fire/Tmut/Pois 81%        N/A       0%          3
 Inner Flame              Hex/Fire       79%        N/A       0%          3
 Mephitic Cloud           Conj/Pois/Air  80%        N/A       0%          3
 Ozocubu's Armour         Ice            79%        N/A       0%          3
 Spider Form              Tmut/Pois      82%        N/A       0%          3
 Stone Arrow              Conj/Erth      100%       3d13      0%          3
 Summon Guardian Golem    Hex/Summ       79%        N/A       0%          3
 Swiftness                Air            79%        N/A       0%          3
 Teleport Other           Tloc           79%        N/A       0%          3
 Vampiric Draining        Necr           79%        2d11      0%          3
 Vhi's Electric Charge    Tloc/Air       100%       N/A       0%          3
 Volatile Blastmotes      Fire/Tloc      100%       2d18      0%          3
 Anguish                  Hex/Necr       39%        N/A       1%          4
 Animate Armour           Summ/Erth      100%       N/A       1%          4
 Fulminant Prism          Conj/Hex       39%        3d17      1%          4
 Ice Form                 Ice/Tmut       79%        N/A       1%          4
 Iskenderun's Mystic Bla  Conj/Tloc      79%        2d16      1%          4
 Leda's Liquefaction      Hex/Erth       39%        N/A       1%          4
 Manifold Assault         Tloc           79%        N/A       1%          4
 Petrify                  Tmut/Erth      79%        N/A       1%          4
 Sticky Flame             Conj/Fire      79%        2d9       1%          4
 Summon Ice Beast         Ice/Summ       79%        N/A       1%          4
 Agony                    Necr           79%        N/A       1%          5
 Alistair's Intoxication  Tmut/Pois      54%        N/A       1%          5
 Arcjolt                  Conj/Air       39%        1d49      1%          5
 Blade Hands              Tmut           40%        N/A       1%          5
 Fireball                 Conj/Fire      39%        3d16      1%          5
 Iskenderun's Battlesphe  Conj           79%        2d13      1%          5
 Lightning Bolt           Conj/Air       39%        1d58      1%          5
 Metabolic Englaciation   Hex/Ice        39%        N/A       1%          5
 Silence                  Hex/Air        39%        N/A       1%          5
 Summon Forest            Summ/Tloc      39%        N/A       1%          5
 Yara's Violent Unravell  Hex/Tmut       39%        3d16      1%          5
 Conjure Ball Lightning   Conj/Air       39%        3x3d13    1%          6
 Death Channel            Necr           39%        N/A       1%          6
 Dispersal                Tloc           39%        N/A       1%          6
 Summon Cactus Giant      Summ           39%        N/A       1%          6
 Dragon Form              Tmut           40%        N/A       1%          7
 Storm Form               Tmut/Air       39%        N/A       1%          7
 Enfeeble                 Hex            39%        N/A       2%          7
 Haunt                    Necr/Summ      39%        N/A       2%          7
 Monstrous Menagerie      Summ           39%        N/A       2%          7
 Orb of Destruction       Conj           39%        9d11      2%          7
 Spellforged Servitor     Conj/Summ      39%        N/A       2%          7
 Necromutation            Tmut/Necr      39%        N/A       16%         8
 Borgnjor's Revivificati  Necr           39%        N/A       17%         8
 Disjunction              Tloc           39%        N/A       17%         8
 Infestation              Necr           39%        N/A       17%         8
 Lehudib's Crystal Spear  Conj/Erth      39%        10d10     17%         8
 Maxwell's Capacitive Co  Air            39%        ∞         17%         8
 Dragon's Call            Summ           39%        N/A       95%         9
 Animate Dead             Necr           Unusable   N/A       N/A         4
 Simulacrum               Ice/Necr       Unusable   N/A       N/A         6

Dungeon Overview and Level Annotations

Branches:
Dungeon (15/15)            Temple (0/1) D:5            Lair (5/5) D:10
 Shoals (4/4) Lair:2        Snake (4/4) Lair:2        Slime (5/5) Lair:5
    Orc (2/2) D:12            Elf (3/3) Orc:2        Vaults (5/5) D:13
  Crypt (3/3) Vaults:3       Tomb (0/3) Crypt:3      Depths (4/4) D:15
    Zot (5/5) Depths:4     Bailey (visited)           IceCv (visited)
Volcano (visited)

Altars:
Cheibriados
Elyvilon
Gozag
Hepliaklqana
Nemelex Xobeh
Qazlal
Uskayaw
Wu Jian
Xom
Zin
The Shining One
Jiyva
Lugonu

Shops:
D:10 [*   Orc:2 =[*(   Elf:3 :   Vaults:1 !   Vaults:2 (   Vaults:4 (

Portals:
Hell: Depths:1 Depths:2 Depths:3 Depths:4
Abyss: Depths:1 Depths:3
Pandemonium: Depths:2
Ziggurat: Depths:1
Trove: Vaults:1 (give +4 shadow dragon scales)


Innate Abilities, Weirdness & Mutations

You are a living statue of rough stone.
Your actions are slow, but your melee attacks are powerful.
You are resistant to unholy torment.
Your maximum health is greatly increased.
You are immune to poison.
Your equipment is partially melded.
You have very sharp teeth.
Your uncanny sense of smell can sniff out nearby items.
Your experience applies equally to all skills.
Armour fits poorly on your strangely shaped body.


Message History

(P) Snake Pit (M) Slime Pits (O) Orcish Mines (E) Elven Halls (V) Vaults (C) Crypt (W) Tomb (U) Depths (H) Hell (Z) Zot
Where to? (Enter - D:1 @ (x,y), ? - help) Magic restored.
There is a stone staircase leading up here.
You climb upwards.
There is a stone staircase leading down here.
You swap places.
There is a stone staircase leading up here.
You climb upwards.
There is a stone staircase leading down here.
Your great orb of eyes grins greedily, jangling a coin purse.
A great orb of eyes comes into view.
No target in view!
No target in view!
No target in view!
No target in view!
No target in view!
(D) Dungeon (T) Temple (L) Lair (A) Shoals (P) Snake Pit (M) Slime Pits (O) Orcish Mines (E) Elven Halls (V) Vaults (C) Crypt (W) Tomb (U) Depths (H) Hell (Z) Zot
Where to? (Enter - D:1 @ (x,y), ? - help)
You swap places.
There is an open door here.
Your transformation is almost over.
The Executioner stares, then turns away, jangling a coin purse.
An Executioner comes into view.
There is a staircase leading out of the dungeon here. [a] - 588 gold - curing, magic and resistance [b] - 520 gold - haste, heal wounds and berserk rage [c] - 338 gold - heal wounds, curing and berserk rage Purchase which effect?
You no longer have enough gold to petition Gozag for potion effects.
You feel yourself speed up.
You feel much better.
A red film seems to cover your vision as you go berserk!
You feel yourself moving faster!
You feel mighty!
You feel a strong urge to attack something.
You have escaped!

#..##...##..~~~≈#.............
#.....#..#..~PP≈#..####.###.##
#.###...##.~≈PP≈#..###...##.##
#.# ##.###.~PP~~#..##.........
#.# #.#.+P~P~~.#..##....##.##
#.####...#.~P~.P#.............
#........#.≈≈~..'.#.........##
##########~≈~.1R###.#..#######
#~~.8G♣# #.#..# ### #~....♣
#.#..# #.. #~...P♣###....# #.#
#~...♣♣#...#.######.# #≈..♣♣
#####........# ##'######
########.. #...##.# ##.
##..##.#### #. ##.##.##.####
#.


You could see a neutral Executioner (wandering), a friendly great orb of eyes
and a friendly rakshasa.

Vanquished Creatures
  the Royal Jelly (Slime:5)
  A dread lich (Vaults:5)
  3 ancient liches
  3 orbs of fire
  A juggernaut (Depths:3)
  Sojobo (Crypt:2)
  A shard shrike (Zot:4)
  Bai Suzhen (Vaults:4)
  8 Killer Klowns
  3 curse toes
  Xtahua (Crypt:3)
  A caustic shrike (Depths:3)
  11 golden dragons
  3 electric golems
  A Tzitzimitl (Zot:3)
  A walking crystal tome (Depths:3)
  Rupert (Orc:2)
  12 tentacled monstrosities
  23 Orb Guardians
  2 liches
  6 titans (Vaults:5)
  10 quicksilver dragons
  2 walking earthen tomes (Depths:3)
  3 deep elf blademasters
  16 acid blobs
  A deep elf master archer (Elf:3)
  Polyphemus (Shoals:2)
  The ghost of Mitcholas the Marksdraconian, an adept DrHu of Okawaru (Shoals:4)
  10 sphinxes
  2 ancient champions
  15 death cobs
  7 draconian monks
  17 shadow dragons
  Donald (Shoals:1)
  The ghost of Holoquod the Severer, an adept MiMo of Ashenzari (Snake:3)
  18 tengu reavers
  6 azure jellies
  17 storm dragons
  16 nagarajas
  Roxanne (Shoals:3)
  A demonspawn warmonger (Zot:3)
  5 rockslimes
  6 draconian knights
  8 fire giants
  6 revenants
  The ghost of Eveboq the Devastator, an adept HuCj of Vehumet (Elf:2)
  6 draconian scorchers
  8 frost giants
  Ilsuiw (Shoals:4)
  Louise (Shoals:2)
  11 deep elf sorcerers
  7 spectral caustic shrikes
  3 iron dragons
  Aizul (Snake:4)
  5 ghost moths
  A balrug (Zot:4)
  8 draconian shifters
  3 orc warlords
  3 cacodemons (Zot:2)
  An angel (Zot:5)
  A juggernaut zombie (Crypt:1)
  2 curse skulls
  17 vault wardens
  A draconian stormcaller (Depths:4)
  4 war gargoyles
  2 deep elf elementalists (Elf:3)
  5 spriggan defenders
  41 very ugly things
  4 ghouls
  The ghost of drugrobin the Black Belt, a journeyman DgDe (Lair:5)
  20 ironbound preservers
  12 draconian annihilators
  A broodmother (Shoals:4)
  A juggernaut skeleton (D:15)
  10 vampire knights
  A rockslime zombie (Crypt:1)
  3 quicksilver oozes
  15 stone giants
  12 black draconians
  6 deep elf annihilators
  17 white draconians
  Azrael (Orc:2)
  A demonspawn black sun (Zot:3)
  16 green draconians
  7 ironbound thunderhulks
  14 yellow draconians
  3 deep elf demonologists
  11 dire elephants
  17 red draconians
  Nessos (D:15)
  19 purple draconians
  A minotaur (Depths:1)
  3 spark wasps
  A blizzard demon (D:11)
  7 merfolk javelineers
  9 eidola
  10 deep elf death magi
  11 ettins
  A spectral quicksilver dragon (Crypt:3)
  7 fire dragons
  4 spectral spriggans (Crypt:3)
  5 merfolk impalers
  16 ice dragons
  7 jiangshi
  8 great orbs of eyes
  9 deep elf high priests
  2 entropy weavers
  Josephine (Orc:2)
  A spriggan zombie (Crypt:2)
  3 hydras
  15 yaktaur captains
  35 vault guards
  4 rakshasas
  A spriggan skeleton (Crypt:1)
  2 salamander tyrants (Snake:4)
  2 spriggan air magi
  A bennu zombie (Crypt:1)
  A juggernaut simulacrum (Crypt:3)
  14 ironbound frosthearts
  4 merfolk avatars
  A peacekeeper (Vaults:3)
  2 spectral stone giants (Crypt:3)
  4 alligator snapping turtles
  8 anacondas
  8 boulder beetles
  2 ogre magi
  9 centaur warriors
  A catoblepas (Shoals:2)
  9 merfolk aquamancers
  5 death knights
  4 satyrs
  A satyr (shapeshifter) (Vaults:5)
  5 tengu warriors
  4 two-headed ogres
  3 deep troll earth magi
  A bennu skeleton (Crypt:2)
  4 orc high priests (Orc:2)
  3 deep troll shamans
  2 spectral storm dragons (Crypt:3)
  3 death yaks
  23 naga warriors
  A spectral dire elephant (Crypt:3)
  6 spriggan berserkers
  7 vampire magi
  26 dancing weapons
  5 hell knights (Depths:4)
  3 sun demons (D:13)
  Amaemon (Lair:1)
  14 deep elf knights
  17 naga sharpshooters
  A soul eater (Zot:3)
  7 shock serpents
  A golden dragon zombie (Crypt:1)
  3 salamander mystics
  6 shadow wraiths
  An iron troll (shapeshifter) (Vaults:5)
  An iron giant zombie (Crypt:3)
  10 skeletal warriors
  A bunyip zombie (Crypt:1)
  A fire crab (Lair:5)
  A spectral death yak (Lair:5)
  5 iron trolls
  2 spectral bunyips (Crypt:3)
  12 flayed ghosts
  A ghost moth zombie (Crypt:3)
  An obsidian statue (Lair:5)
  11 deep elf archers
  A spectral anaconda (Lair:5)
  A quicksilver dragon simulacrum (Crypt:3)
  3 orange crystal statues
  20 lindwurms
  62 deep trolls
  11 sea snakes
  5 naga ritualists
  3 glowing orange brains
  A bunyip skeleton (Crypt:2)
  A spriggan simulacrum (Crypt:2)
  A shadow dragon zombie (Crypt:2)
  18 ironbound convokers
  10 wizards
  28 harpies
  4 anaconda skeletons (Snake:3)
  11 phantasmal warriors
  9 necromancers
  11 mana vipers
  24 deep elf pyromancers
  9 orc knights
  A golden dragon skeleton (D:15)
  24 deep elf zephyrmancers
  A frost giant zombie (D:15)
  A sphinx zombie (D:15)
  A wolf spider (Vaults:5)
  Pikel (D:8)
  A lindwurm (shapeshifter) (Vaults:1)
  5 orc sorcerers (Orc:2)
  45 ugly things
  15 manticores
  A shining eye (Slime:2)
  9 cyclopes
  17 salamanders
  17 fauns
  26 vault sentinels
  29 moths of wrath
  An iron dragon skeleton (Crypt:3)
  A spectral centaur (Crypt:3)
  36 elephants
  5 water nymphs
  Maurice (D:8)
  2 eyes of devastation
  6 torpor snails
  An elephant slug zombie (Crypt:3)
  An eye of devastation (shapeshifter) (Depths:3)
  43 black mambas
  6 guardian serpents
  20 naga magi
  10 merfolk sirens
  2 gargoyles
  A titan simulacrum (Crypt:1)
  An orange demon (Lair:1)
  An unseen horror (D:13)
  17 cane toads
  2 torpor snails (shapeshifter)
  7 kobold demonologists
  2 dire elephant skeletons (Lair:5)
  A rime drake (shapeshifter) (Vaults:4)
  8 rime drakes
  7 komodo dragons
  A spectral sea snake (Snake:3)
  Psyche (D:10)
  4 efreet
  A tengu conjurer (D:14)
  4 anaconda simulacra
  32 yaktaurs
  16 freezing wraiths
  2 guardian mummies (Vaults:1)
  3 spectral harpies (Crypt:3)
  8 trolls
  A white draconian skeleton (Crypt:3)
  A queen bee (shapeshifter) (D:15)
  23 merfolk
  A harpy zombie (Crypt:2)
  16 polar bears
  2 wind drakes
  15 hornets
  A hornet (shapeshifter) (D:14)
  A troll (shapeshifter) (D:15)
  An iron troll skeleton (Crypt:1)
  A hellwing (D:8)
  A spectral guardian serpent (Snake:3)
  7 dream sheep (Shoals:2)
  24 blink frogs
  11 snapping turtles
  Grinder (D:3)
  A fire dragon skeleton (Crypt:1)
  83 slime creatures
  An air elemental (Elf:2)
  A centaur simulacrum (Crypt:3)
  13 wraiths
  6 wyverns
  2 dire elephant simulacra
  8 spriggans
  A vampire (D:12)
  23 water elementals
  5 basilisks
  2 fire bats (Volcano)
  43 yaks
  A human (D:13)
  A basilisk (shapeshifter) (D:13)
  8 fire elementals
  A sea snake simulacrum (Snake:3)
  A death yak simulacrum (Lair:5)
  A steam dragon (D:9)
  3 redbacks (Vaults:1)
  5 wargs
  69 nagas
  2 harpy simulacra
  2 merfolk zombies
  12 water moccasins
  2 spectral cane toads (Lair:5)
  2 acid dragons
  A floating eye (Depths:3)
  A guardian serpent simulacrum (Snake:3)
  2 hell hounds
  33 orc warriors
  A meliai simulacrum (D:14)
  2 black bears (shapeshifter)
  A merfolk skeleton (Crypt:3)
  3 black bears
  An ice beast (D:14)
  7 ogres
  11 wolves
  2 elephant zombies (Lair:5)
  3 elephant skeletons
  14 centaurs
  A hog skeleton (Crypt:3)
  10 kobold brigands
  A lemure (D:8)
  An elf zombie (Crypt:1)
  13 bullfrogs
  A cyclops zombie (Orc:1)
  2 necrophages
  3 gnoll sergeants
  A scorpion (D:5)
  An earth elemental (Elf:3)
  A cyclops skeleton (Orc:1)
  6 wights
  A water moccasin skeleton (Crypt:3)
  A polar bear zombie (Crypt:2)
  5 spectral nagas
  A warg skeleton (Crypt:1)
  6 killer bees (D:8)
  2 elephant simulacra (Lair:5)
  A howler monkey (D:10)
  An electric eel (Elf:3)
  A shapeshifter skeleton (Crypt:1)
  A wolf zombie (Crypt:2)
  A hound (D:5)
  20 orc priests
  A gnoll bouda (D:4)
  Crazy Yiuf (D:3)
  A scorpion zombie (Crypt:2)
  2 iguanas
  29 orc wizards
  9 hell rats
  4 naga skeletons (Snake:3)
  An acid dragon skeleton (Crypt:2)
  Robin (D:3)
  11 adders
  21 gnolls
  5 naga simulacra
  7 river rats (D:9)
  An orc skeleton (Orc:1)
  3 shadow imps
  3 white imps
  2 ufetubi
  An orc zombie (Orc:1)
  An adder skeleton (Crypt:1)
  An adder zombie (Crypt:2)
  2 worms
  2 dart slugs (D:3)
  88 orcs
  7 ball pythons
  11 endoplasms
  3 giant cockroaches
  37 goblins
  17 hobgoblins
  7 jackals
  4 quokkas
  A ball python skeleton (Crypt:2)
  7 bats
  A frilled lizard (D:2)
  31 kobolds
  31 rats
2619 creatures vanquished.

Notes
Turn   | Place    | Note
-------+----------+-------------------------------------------
     0 | D:1      | jfcaron the Gnoll Transmuter began the quest for the Orb.
     0 | D:1      | Reached XP level 1. HP: 17/17 MP: 6/6
   333 | D:1      | Reached XP level 2. HP: 23/23 MP: 7/7
   594 | D:1      | Found a faded altar of an unknown god.
   609 | D:1      | Prayed at the altar of an unknown god.
   609 | D:1      | Became a worshipper of Gozag Ym Sagoz the Greedy
   757 | D:2      | Learned a level 2 spell: Wereblood
   814 | D:2      | Reached skill level 5 in Spellcasting
   814 | D:2      | Reached XP level 3. HP: 14/28 MP: 6/9
   838 | D:2      | Reached skill level 1 in Invocations
  1008 | D:2      | Reached skill level 1 in Short Blades
  1008 | D:2      | Reached skill level 1 in Long Blades
  1008 | D:2      | Reached skill level 1 in Axes
  1008 | D:2      | Reached skill level 1 in Maces & Flails
  1008 | D:2      | Reached skill level 1 in Polearms
  1008 | D:2      | Reached skill level 1 in Staves
  1008 | D:2      | Reached skill level 1 in Ranged Weapons
  1008 | D:2      | Reached skill level 1 in Throwing
  1008 | D:2      | Reached skill level 1 in Armour
  1008 | D:2      | Reached skill level 1 in Stealth
  1008 | D:2      | Reached skill level 1 in Shields
  1008 | D:2      | Reached skill level 1 in Evocations
  1068 | D:2      | Reached XP level 4. HP: 19/34 MP: 9/11
  1344 | D:2      | Reached skill level 1 in Conjurations
  1344 | D:2      | Reached skill level 1 in Hexes
  1344 | D:2      | Reached skill level 1 in Summonings
  1344 | D:2      | Reached skill level 1 in Necromancy
  1344 | D:2      | Reached skill level 1 in Translocations
  1344 | D:2      | Reached skill level 1 in Fire Magic
  1344 | D:2      | Reached skill level 1 in Ice Magic
  1344 | D:2      | Reached skill level 1 in Air Magic
  1344 | D:2      | Reached skill level 1 in Earth Magic
  1344 | D:2      | Reached skill level 1 in Poison Magic
  1418 | D:2      | Found a hide-covered altar of Uskayaw.
  1645 | D:3      | Found a runed translucent door.
  1645 | D:3      | Noticed Crazy Yiuf
  1650 | D:3      | Killed Crazy Yiuf
  1651 | D:3      | Reached XP level 5. HP: 16/40 MP: 12/12
  2161 | D:3      | Noticed Grinder
  2167 | D:3      | Paralysed by Grinder for 2 turns
  2177 | D:3      | Paralysed by Grinder for 3 turns
  2185 | D:3      | Killed Grinder
  2186 | D:3      | Reached skill level 5 in Dodging
  2186 | D:3      | Reached XP level 6. HP: 32/47 MP: 12/14
  2251 | D:3      | Noticed Robin
  2360 | D:3      | Killed Robin
  2931 | D:4      | Noticed an orc warrior
  2947 | D:4      | Killed an orc warrior
  2948 | D:4      | Reached XP level 7. HP: 20/52 MP: 13/15
  3434 | D:4      | Found Naocil's Magic Scroll Emporium.
  3437 | D:4      | Bought a scroll of acquirement for 624 gold pieces
  3439 | D:4      | Acquired 1106 gold pieces
  3443 | D:4      | Bought a scroll of enchant armour for 90 gold pieces
  3443 | D:4      | Bought a scroll of teleportation for 36 gold pieces
  3443 | D:4      | Bought 2 scrolls of silence for 228 gold pieces
  3443 | D:4      | Bought a scroll of teleportation for 36 gold pieces
  3443 | D:4      | Bought 3 scrolls of identify for 72 gold pieces
  3443 | D:4      | Bought a scroll of butterflies for 48 gold pieces
  3443 | D:4      | Bought a scroll of silence for 114 gold pieces
  3443 | D:4      | Bought a scroll of butterflies for 48 gold pieces
  3443 | D:4      | Bought a scroll of teleportation for 36 gold pieces
  3501 | D:4      | You fall into a shaft and drop 1 floor!
  3501 | D:5      | Entered Level 5 of the Dungeon
  3896 | D:5      | HP: 10/53 [gnoll/+0 flail[a gnoll bouda] (6)]
  4335 | D:5      | Found a staircase to the Ecumenical Temple.
  4426 | D:5      | Reached XP level 8. HP: 60/60 MP: 16/16
  4490 | D:5      | Acquired a +3 hand crossbow of flaming
  4642 | D:5      | Identified the +6 dagger of Nymaig {pain, rC++ Str+3 Dex+3}
  4887 | D:6      | Found a white marble altar of Elyvilon.
  5654 | D:7      | Learned a level 2 spell: Blink
  5976 | D:7      | Reached skill level 6 in Dodging
  6041 | D:7      | Reached skill level 5 in Transmutations
  6151 | D:7      | Reached XP level 9. HP: 67/67 MP: 18/18
  6514 | D:8      | Noticed Maurice
  6524 | D:8      | Killed Maurice
  6525 | D:8      | Reached skill level 5 in Fighting
  6540 | D:7      | HP: 11/68 [yak (14)]
  6758 | D:8      | HP: 9/68 [yak (14)]
  6769 | D:8      | Reached skill level 5 in Invocations
  6922 | D:8      | Found a stormy altar of Qazlal.
  7251 | D:8      | Noticed Pikel
  7266 | D:8      | Killed Pikel
  7412 | D:8      | Noticed a hornet
  7423 | D:8      | Killed a hornet
  7424 | D:8      | Reached skill level 5 in Short Blades
  7424 | D:8      | Reached skill level 5 in Long Blades
  7424 | D:8      | Reached skill level 5 in Axes
  7424 | D:8      | Reached skill level 5 in Maces & Flails
  7424 | D:8      | Reached skill level 5 in Polearms
  7424 | D:8      | Reached skill level 5 in Staves
  7424 | D:8      | Reached skill level 5 in Ranged Weapons
  7424 | D:8      | Reached skill level 5 in Throwing
  7424 | D:8      | Reached skill level 5 in Armour
  7424 | D:8      | Reached skill level 5 in Stealth
  7424 | D:8      | Reached skill level 5 in Shields
  7424 | D:8      | Reached skill level 5 in Evocations
  7424 | D:8      | Reached XP level 10. HP: 51/76 MP: 20/20
  7624 | D:8      | Reached skill level 7 in Dodging
  7762 | D:8      | Found a hazy altar of Hepliaklqana.
  8157 | D:8      | Found an opulent altar of Gozag.
  8448 | D:9      | Noticed a two-headed ogre
  8452 | D:9      | Found a flagged portal.
  8458 | D:9      | Killed a two-headed ogre
  8499 | Bailey   | Entered a bailey
  8978 | Bailey   | Noticed an orc warlord
  8991 | Bailey   | Killed an orc warlord
  9556 | D:9      | Reached skill level 5 in Conjurations
  9556 | D:9      | Reached skill level 5 in Hexes
  9556 | D:9      | Reached skill level 5 in Summonings
  9556 | D:9      | Reached skill level 5 in Necromancy
  9556 | D:9      | Reached skill level 5 in Translocations
  9556 | D:9      | Reached skill level 5 in Fire Magic
  9556 | D:9      | Reached skill level 5 in Ice Magic
  9556 | D:9      | Reached skill level 5 in Air Magic
  9556 | D:9      | Reached skill level 5 in Earth Magic
  9556 | D:9      | Reached skill level 5 in Poison Magic
  9581 | D:9      | Reached XP level 11. HP: 83/83 MP: 22/22
 10619 | D:9      | Acquired the ring "Rumerr" {rElec Will+ Int+6}
 10724 | D:10     | Entered Level 10 of the Dungeon
 10724 | D:10     | Noticed Psyche
 10727 | D:10     | Killed Psyche
 11000 | D:10     | Reached skill level 8 in Dodging
 11133 | D:10     | Found a sparkling altar of Nemelex Xobeh.
 11144 | D:10     | Found a staircase to the Lair.
 11167 | D:10     | Learned a level 2 spell: Ensorcelled Hibernation
 11609 | Lair:1   | Entered Level 1 of the Lair of Beasts
 11929 | Lair:1   | Noticed Amaemon
 11946 | Lair:1   | Killed Amaemon
 12121 | Lair:1   | Identified the +5 scimitar of Gaisiec {drain, Dex+2}
 12487 | Lair:1   | Reached XP level 12. HP: 91/91 MP: 24/24
 12984 | Lair:1   | HP: 15/92 [elephant (7)]
 13379 | Lair:1   | Reached skill level 10 in Unarmed Combat
 14086 | Lair:2   | Reached skill level 9 in Dodging
 14480 | Lair:2   | Found a staircase to the Shoals.
 14760 | Lair:2   | Learned a level 1 spell: Apportation
 14887 | Lair:2   | HP: 17/94 [constriction (4)]
 14889 | Lair:2   | HP: 6/94 [naga/+0 hand axe (5)]
 14889 | Lair:2   | HP: 2/94 [constriction (4)]
 15100 | Lair:2   | Found a staircase to the Snake Pit.
 15644 | Lair:2   | Noticed a seven-headed hydra
 15648 | Lair:2   | Killed a seven-headed hydra
 15649 | Lair:2   | Reached XP level 13. HP: 99/99 MP: 26/26
 16614 | Lair:3   | HP: 18/99 [cane toad (19)]
 17850 | Lair:3   | Reached skill level 10 in Spellcasting
 17913 | Lair:2   | HP: 18/101 [elephant (8)]
 17916 | Lair:2   | HP: 2/101 [elephant (10)]
 18322 | Lair:4   | HP: 8/101 [blink frog (15)]
 18504 | Lair:4   | Found a dark tunnel.
 18561 | Volcano  | Entered a volcano
 18614 | Volcano  | HP: 20/101 [salamander/+0 trident (7)]
 18631 | Volcano  | Reached skill level 10 in Dodging
 19725 | Lair:4   | HP: 19/101 [wyvern (6)]
 20589 | Lair:4   | Upgraded the game from 0.30-a0-702-gdf48620a09 to
                  | 0.30-a0-711-gf4ac18a38d
 20633 | Lair:5   | Entered Level 5 of the Lair of Beasts
 20639 | Lair:5   | Learned a level 4 spell: Summon Lightning Spire
 20677 | Lair:5   | Reached skill level 10 in Invocations
 20677 | Lair:5   | Reached XP level 14. HP: 81/108 MP: 24/28
 22182 | Lair:5   | Noticed a dire elephant
 22218 | Lair:5   | Reached skill level 10 in Fighting
 22534 | Lair:5   | Noticed a dire elephant
 22549 | Lair:5   | Noticed a dire elephant
 22595 | Lair:5   | Killed a dire elephant
 22874 | Lair:5   | Found a runed translucent gate.
 22874 | Lair:5   | Found a runed translucent gate.
 22876 | Lair:5   | Found a runed translucent gate.
 22876 | Lair:5   | Noticed drugrobin's ghost (journeyman DgDe)
 22972 | Lair:5   | Found a snail-covered altar of Cheibriados.
 23096 | Lair:5   | Found a viscous altar of Jiyva.
 23096 | Lair:5   | Found a staircase to the Slime Pits.
 23888 | Lair:5   | Got Kymor's Mystic Truths, Part Eight
 24349 | Lair:5   | HP: 16/110 [ice devil[an obsidian statue] (21)]
 24356 | Lair:5   | HP: 14/110 [red devil/+0 trident[an obsidian statue] (5)]
 24976 | Lair:5   | HP: 19/109 [dire elephant (10)]
 25301 | Lair:5   | Killed a dire elephant
 25302 | Lair:5   | Reached skill level 10 in Short Blades
 25302 | Lair:5   | Reached skill level 10 in Long Blades
 25302 | Lair:5   | Reached skill level 10 in Axes
 25302 | Lair:5   | Reached skill level 10 in Maces & Flails
 25302 | Lair:5   | Reached skill level 10 in Polearms
 25302 | Lair:5   | Reached skill level 10 in Staves
 25302 | Lair:5   | Reached skill level 10 in Ranged Weapons
 25302 | Lair:5   | Reached skill level 10 in Throwing
 25302 | Lair:5   | Reached skill level 10 in Armour
 25302 | Lair:5   | Reached skill level 11 in Dodging
 25302 | Lair:5   | Reached skill level 10 in Stealth
 25302 | Lair:5   | Reached skill level 10 in Shields
 25302 | Lair:5   | Reached skill level 10 in Evocations
 25330 | Lair:5   | Killed a dire elephant
 25704 | Lair:5   | Upgraded the game from 0.30-a0-711-gf4ac18a38d to
                  | 0.30-a0-715-gdb4ae3ece1
 25759 | Lair:5   | Learned a level 4 spell: Flame Wave
 26052 | D:11     | HP: 21/109 [acid dragon/splash of acid (17)]
 26358 | D:11     | Reached XP level 15. HP: 42/117 MP: 28/30
 27764 | D:12     | Found a staircase to the Orcish Mines.
 28191 | Orc:1    | Entered Level 1 of the Orcish Mines
 28838 | Orc:2    | Entered Level 2 of the Orcish Mines
 28877 | Orc:2    | Noticed Rupert
 28887 | Orc:2    | Killed Rupert
 28954 | Orc:2    | Found a staircase to the Elven Halls.
 29039 | Orc:2    | Noticed Azrael
 29054 | Orc:2    | Killed Azrael
 29312 | Orc:2    | Noticed an orc warlord
 29336 | Orc:2    | Killed an orc warlord
 29526 | Orc:2    | Noticed Josephine
 29529 | Orc:2    | Killed Josephine
 29879 | Orc:1    | HP: 23/117 [orc knight/bolt (10)]
 30677 | Orc:2    | Found Daenediq's Weapon Shoppe.
 30677 | Orc:2    | Found Berugoni's Assorted Antiques.
 30678 | Orc:2    | Found Kiaj's Antique Armour Boutique.
 30678 | Orc:2    | Found Suogo Xud's Jewellery Boutique.
 30696 | Orc:2    | Bought the ring of Omunier {rN+ Will+ SInv Stlth+} for 432
                  | gold pieces
 30704 | Orc:2    | Bought 3 scrolls of poison for 360 gold pieces
 30704 | Orc:2    | Bought a scroll of identify for 60 gold pieces
 30704 | Orc:2    | Bought a murky orange potion for 27 gold pieces
 30704 | Orc:2    | Bought a lumpy purple potion for 27 gold pieces
 30704 | Orc:2    | Bought a potion of curing for 90 gold pieces
 30743 | Orc:2    | Bought 3 stones for 3 gold pieces
 30743 | Orc:2    | Bought 6 stones for 7 gold pieces
 30745 | Orc:2    | Bought a bloodstained leather armour for 203 gold pieces
 30745 | Orc:2    | Identified the +5 leather armour of Faif {Harm Drain rElec
                  | rF-} (You bought it in a shop on level 2 of the Orcish
                  | Mines)
 31350 | D:13     | Reached skill level 10 in Transmutations
 31567 | D:13     | Reached XP level 16. HP: 117/125 MP: 25/32
 31603 | D:13     | Found a gate to the Vaults.
 31855 | D:14     | Upgraded the game from 0.30-a0-715-gdb4ae3ece1 to
                  | 0.30-a0-718-geaa24f58ff
 31885 | D:14     | Found a frozen archway.
 31913 | IceCv    | Entered an ice cave
 31943 | IceCv    | Learned a level 5 spell: Lee's Rapid Deconstruction
 32069 | IceCv    | Reached skill level 12 in Dodging
 33184 | IceCv    | Identified the +0 hat of Bywiloq {-Tele Str+5 Int+2}
 34350 | D:14     | Noticed a tengu reaver
 34358 | D:14     | Killed a tengu reaver
 34757 | D:15     | Entered Level 15 of the Dungeon
 34833 | D:15     | Learned a level 5 spell: Irradiate
 34978 | D:15     | Reached XP level 17. HP: 133/133 MP: 25/33
 35208 | D:15     | Acquired 854 gold pieces
 35211 | D:15     | Acquired 911 gold pieces
 35213 | D:15     | Acquired 835 gold pieces
 35250 | D:15     | Identified the +7 whip of Reapportionment {venom, rF+ Will-
                  | SInv}
 35628 | D:15     | Reached skill level 10 in Conjurations
 35628 | D:15     | Reached skill level 10 in Hexes
 35628 | D:15     | Reached skill level 10 in Summonings
 35628 | D:15     | Reached skill level 10 in Necromancy
 35628 | D:15     | Reached skill level 10 in Translocations
 35628 | D:15     | Reached skill level 10 in Fire Magic
 35628 | D:15     | Reached skill level 10 in Ice Magic
 35628 | D:15     | Reached skill level 10 in Air Magic
 35628 | D:15     | Reached skill level 10 in Earth Magic
 35628 | D:15     | Reached skill level 10 in Poison Magic
 35770 | D:15     | Found a staircase to the Depths.
 36483 | D:15     | Identified the +4 hand axe "Seod" {drain, rC+ Str-3 Int+6
                  | Dex+2}
 36681 | D:15     | Found a glowing golden altar of the Shining One.
 36715 | D:15     | Noticed Nessos
 36727 | D:15     | Killed Nessos
 36829 | D:15     | Upgraded the game from 0.30-a0-718-geaa24f58ff to
                  | 0.30-a0-723-gc1506a1cf0
 37039 | Snake:1  | Entered Level 1 of the Snake Pit
 37329 | D:10     | Bought a +2 pair of gloves of hurling for 279 gold pieces
 37334 | D:10     | Bought a scroll of teleportation for 39 gold pieces
 37334 | D:10     | Bought 2 stones for 2 gold pieces
 37345 | D:10     | jfcaron: ??gozag wrath
 37345 | D:10     | beem: gozag wrath[1/1]: All purchased shops close
                  | permanently. For your next 2 XLs (or equivalent), potions
                  | have a 1/3 chance to fail when quaffed (spending a turn but
                  | not the potion), and monsters have a chance (HD chance in
                  | 2*XL) to be permanently berserked when coming into view. If
                  | that would not help it (it can't, it casts spells, etc),
                  | it'll be hasted (or mighted).
 38490 | Snake:2  | Reached skill level 13 in Dodging
 39812 | Snake:2  | Reached XP level 18. HP: 120/142 MP: 25/35
 39822 | Snake:2  | Identified the +2 leather armour "Agiket" {Dex+4}
 40996 | Snake:3  | Found a runed translucent gate.
 40996 | Snake:3  | Found a runed translucent gate.
 40996 | Snake:3  | Found a runed translucent gate.
 40996 | Snake:3  | Noticed Holoquod's ghost (adept MiMo)
 42451 | Snake:3  | HP: 28/143 [Holoquod's ghost (12)]
 42452 | Snake:3  | Killed Holoquod's ghost
 42629 | Snake:3  | Upgraded the game from 0.30-a0-723-gc1506a1cf0 to
                  | 0.30-a0-726-gd89dcf765f
 42652 | Snake:4  | Entered Level 4 of the Snake Pit
 42882 | Snake:4  | Noticed Aizul
 42893 | Snake:4  | Killed Aizul
 44351 | Snake:4  | Reached XP level 19. HP: 150/150 MP: 32/37
 44511 | Snake:4  | Reached skill level 14 in Dodging
 44698 | Snake:4  | Got a serpentine rune of Zot
 45289 | Shoals:1 | Entered Level 1 of the Shoals
 45291 | Shoals:1 | Noticed Donald
 45296 | Shoals:1 | Killed Donald
 45543 | Shoals:1 | Identified the +2 chain mail "Masaw" {*Slow Fly rElec
                  | Int+3}
 45682 | Shoals:1 | Found a transporter.
 45682 | Shoals:1 | Found a transporter.
 45767 | Shoals:1 | Identified the +0 morningstar of Disintegration {heavy,
                  | Will+ Stlth+}
 46282 | Shoals:2 | Noticed Louise
 46303 | Shoals:2 | Killed Louise
 46674 | Shoals:2 | Reached skill level 15 in Unarmed Combat
 46920 | Shoals:2 | Noticed Polyphemus
 47110 | Shoals:2 | Killed Polyphemus
 47747 | Shoals:3 | Identified the +2 flail of Inquiry {flame, rElec rF+}
 48023 | Shoals:3 | Identified Roxanne's Spellbook of Changing
 48023 | Shoals:3 | Noticed Roxanne
 48029 | Shoals:3 | Killed Roxanne
 48030 | Shoals:3 | Reached skill level 15 in Invocations
 48278 | Shoals:4 | Entered Level 4 of the Shoals
 48484 | Shoals:4 | Identified the +7 flail of Shame {antimagic, Will+ rCorr}
 48640 | Shoals:4 | Identified the +3 short sword of Anxiety {spect, Int+4}
 48750 | Shoals:4 | Reached XP level 20. HP: 159/159 MP: 34/38
 48766 | Shoals:4 | Identified the +7 falchion of Epidueryts {flame, rF+ Str+4}
 48913 | Shoals:4 | Got a barnacled rune of Zot
 49247 | Shoals:4 | Found a large runed translucent door.
 49248 | Shoals:4 | Found a large runed translucent door.
 49260 | Shoals:4 | Noticed Mitcholas's ghost (adept DrHu)
 49318 | Shoals:4 | Noticed Ilsuiw
 49326 | Shoals:4 | Killed Ilsuiw
 49768 | Shoals:1 | jfcaron: ??order
 49768 | Shoals:1 | beem: hyperelliptic[1/2]: D:11 -> Lair -> D:12 -> Orc ->
                  | D:15 -> S:3 -> maybe other S:3 -> get both S runes -> maybe
                  | Elf (but not the Elf:3 vault) -> Vaults:4 -> maybe Crypt ->
                  | Depths:4 -> Vaults:5 -> maybe Slime -> Zot ("S" means
                  | Shoals/Snake/Spider/Swamp)
 49949 | Elf:1    | Entered Level 1 of the Elven Halls
 50312 | Elf:1    | Got Dispater's Grimoire of the Band
 50383 | Elf:1    | Reached skill level 15 in Spellcasting
 51104 | Elf:2    | Found a flickering gateway to a bazaar.
 51157 | Bazaar   | Entered a bazaar
 51167 | Bazaar   | Found Potoatuw's Magic Scroll Boutique.
 51167 | Bazaar   | Found Comastu's Jewellery Shop.
 51226 | Bazaar   | Found Nune's General Store.
 51226 | Bazaar   | Found Obyruer's Book Boutique.
 51275 | Bazaar   | Upgraded the game from 0.30-a0-726-gd89dcf765f to
                  | 0.30-a0-728-gc68057be0a
 51292 | Bazaar   | Bought a scroll of teleportation for 24 gold pieces
 51292 | Bazaar   | Bought a scroll of magic mapping for 60 gold pieces
 51292 | Bazaar   | Bought a scroll of teleportation for 24 gold pieces
 51292 | Bazaar   | Bought a scroll of magic mapping for 60 gold pieces
 51292 | Bazaar   | Bought 3 scrolls of teleportation for 72 gold pieces
 51292 | Bazaar   | Bought a scroll of fog for 32 gold pieces
 51292 | Bazaar   | Bought a scroll of enchant armour for 60 gold pieces
 51326 | Bazaar   | Bought a potion of ambrosia for 112 gold pieces
 51326 | Bazaar   | Bought a potion of brilliance for 56 gold pieces
 51326 | Bazaar   | Bought a wand of light (3) for 176 gold pieces
 51326 | Bazaar   | Bought a scroll of noise for 14 gold pieces
 51360 | Bazaar   | Bought a scroll of noise for 8 gold pieces
 51360 | Bazaar   | Bought a scroll of brand weapon for 76 gold pieces
 51394 | Bazaar   | Bought a book of Beasts for 380 gold pieces
 51394 | Bazaar   | Bought a book of Callings for 200 gold pieces
 51394 | Bazaar   | Bought a book of Geomancy for 180 gold pieces
 51394 | Bazaar   | Bought a book of Power for 420 gold pieces
 51401 | Bazaar   | Learned a level 6 spell: Iron Shot
 51404 | Bazaar   | Learned a level 2 spell: Passwall
 51408 | Bazaar   | Learned a level 3 spell: Call Canine Familiar
 51414 | Bazaar   | Learned a level 5 spell: Summon Mana Viper
 51549 | Elf:2    | Found a large runed translucent door.
 51549 | Elf:2    | Found a large runed translucent door.
 51555 | Elf:2    | Noticed Eveboq's ghost (adept HuCj)
 52065 | Elf:2    | Found a large runed translucent door.
 52065 | Elf:2    | Found a large runed translucent door.
 52093 | Elf:2    | Reached skill level 15 in Dodging
 52116 | Elf:2    | Found a large runed translucent door.
 52116 | Elf:2    | Found a large runed translucent door.
 52160 | Elf:2    | Paralysed by an air elemental for 1 turns
 52443 | Elf:2    | Killed Eveboq's ghost
 53791 | Elf:3    | Entered Level 3 of the Elven Halls
 53889 | Elf:3    | HP: 26/160 [+3 glaive of protection (22)]
 54429 | Elf:3    | Found Ball's Book Emporium.
 54438 | Elf:3    | Bought a manual of Dodging for 1120 gold pieces
 54489 | Elf:3    | Identified the +1 robe of Birdsong {Fly Regen+}
 55101 | Elf:3    | Reached XP level 21. HP: 157/167 MP: 40/40
 55378 | Elf:3    | jfcaron: @??Mennas
 55378 | Elf:3    | beem: Mennas (A)
                  | Spd:
    15 | HD: 19   | HP: 127-174
                  | AC/EV:
                  | 15/26
                  | Dam: 30, 20
                  | holy, weapons, items, doors, fighter,
                  | spellcaster, fly
                  | Res: will(160), elec, poison, miasma,
                  | neg+++, holy+++
                  | XP: 4326
                  | Sp: mass confusion, silence,
                  | minor healing (2d9+3)
                  | Sz: Medium
                  | Int: human.
 55378 | Elf:3    | jfcaron: ??Mennas
 55378 | Elf:3    | beem: mennas[1/5]: A unique angel who casts {silence}. Has
                  | a holy wrath weapon, hits really hard, is fast, has huge EV
                  | and a large shield. Have fun!
 55593 | Elf:3    | Identified the +1 battleaxe of Apruw {drain, rPois}
 55615 | Elf:3    | Identified the +5 ring mail "Ezess" {Rampage rPois Dex+4}
 55954 | Elf:3    | Reached skill level 15 in Fighting
 56011 | Elf:3    | Identified the +3 ring mail of the Lute {Regen+ Str+2}
 56343 | Elf:3    | Identified the ring "Duijero" {Wiz *Corrode rPois rC+}
 56413 | Elf:3    | Identified the +2 robe of the End {Will- Regen+ Str+4}
 56653 | Elf:3    | Identified the +7 scale mail of Untold Secrets {rElec rPois
                  | Int+4}
 56750 | Elf:3    | Got the Compendium of Vicissitude and the Torch
 57224 | Lair:2   | jfcaron: whoa I got spectators
 57316 | Lair:5   | Killed drugrobin's ghost
 57815 | Lair:5   | Learned a level 5 spell: Borgnjor's Vile Clutch
 58035 | Shoals:1 | Identified the +1 hat of Moral Flaws {MP-9 Str+4 Dex+2
                  | Stlth+}
 58066 | Shoals:1 | Identified the +0 hand axe "Hidghied" {flame, *Rage rC+++
                  | rCorr Int+4}
 58202 | Shoals:4 | Killed Mitcholas's ghost
 58622 | Elf:3    | Bought a book of Lightning for 532 gold pieces
 58622 | Elf:3    | jfcaron: ??order
 58622 | Elf:3    | beem: hyperelliptic[1/2]: D:11 -> Lair -> D:12 -> Orc ->
                  | D:15 -> S:3 -> maybe other S:3 -> get both S runes -> maybe
                  | Elf (but not the Elf:3 vault) -> Vaults:4 -> maybe Crypt ->
                  | Depths:4 -> Vaults:5 -> maybe Slime -> Zot ("S" means
                  | Shoals/Snake/Spider/Swamp)
 58771 | Vaults:1 | Entered Level 1 of the Vaults
 58806 | Vaults:1 | Reached skill level 16 in Dodging
 58840 | Vaults:1 | Reached skill level 15 in Short Blades
 58840 | Vaults:1 | Reached skill level 15 in Long Blades
 58840 | Vaults:1 | Reached skill level 15 in Axes
 58840 | Vaults:1 | Reached skill level 15 in Maces & Flails
 58840 | Vaults:1 | Reached skill level 15 in Polearms
 58840 | Vaults:1 | Reached skill level 15 in Staves
 58840 | Vaults:1 | Reached skill level 15 in Ranged Weapons
 58840 | Vaults:1 | Reached skill level 15 in Throwing
 58840 | Vaults:1 | Reached skill level 15 in Armour
 58840 | Vaults:1 | Reached skill level 15 in Stealth
 58840 | Vaults:1 | Reached skill level 15 in Shields
 58840 | Vaults:1 | Reached skill level 15 in Evocations
 59083 | Vaults:1 | Found a portal to a secret trove of treasure.
 60768 | Vaults:1 | Found Rurikun's Distillery.
 60776 | Vaults:1 | Bought a potion of heal wounds for 75 gold pieces
 60776 | Vaults:1 | Bought a potion of heal wounds for 75 gold pieces
 60776 | Vaults:1 | Bought a potion of haste for 150 gold pieces
 60776 | Vaults:1 | Bought a potion of curing for 45 gold pieces
 60776 | Vaults:1 | Bought a potion of curing for 45 gold pieces
 60889 | Vaults:2 | Reached XP level 22. HP: 176/176 MP: 23/42
 62209 | Vaults:2 | Reached skill level 17 in Dodging
 62345 | Vaults:2 | Found Ihecs's Antique Weapon Shop.
 63652 | Vaults:3 | Found a staircase to the Crypt.
 64826 | Vaults:4 | Noticed Bai Suzhen
 64957 | Vaults:4 | Killed Bai Suzhen
 64958 | Vaults:4 | Reached XP level 23. HP: 184/184 MP: 35/43
 64989 | Vaults:4 | Found Oxzeph's Weapon Shop.
 65038 | Vaults:4 | Identified the +0 chain mail of Reason {rN+}
 65886 | Vaults:4 | Reached skill level 18 in Dodging
 66366 | Vaults:4 | Got Sif Muna's Folio of the Flock and Gusts
 66384 | Vaults:4 | Upgraded the game from 0.30-a0-728-gc68057be0a to
                  | 0.31-a0-44-g49d609d0da
 66652 | Elf:3    | Learned a level 6 spell: Statue Form
 67374 | Elf:3    | jfcaron: ??order
 67374 | Elf:3    | beem: hyperelliptic[1/2]: D:11 -> Lair -> D:12 -> Orc ->
                  | D:15 -> S:3 -> maybe other S:3 -> get both S runes -> maybe
                  | Elf (but not the Elf:3 vault) -> Vaults:4 -> maybe Crypt ->
                  | Depths:4 -> Vaults:5 -> maybe Slime -> Zot ("S" means
                  | Shoals/Snake/Spider/Swamp)
 67621 | Crypt:1  | Entered Level 1 of the Crypt
 69113 | Crypt:2  | Noticed Sojobo
 69120 | Crypt:2  | Killed Sojobo
 69497 | Crypt:2  | Identified the +1 pair of gloves of Sokk {Rampage rC- Str+2
                  | SInv}
 70143 | Crypt:3  | Entered Level 3 of the Crypt
 70273 | Crypt:3  | Found a staircase to the Tomb.
 70717 | Crypt:3  | Noticed Xtahua
 70726 | Crypt:3  | Killed Xtahua
 71829 | Crypt:3  | Reached XP level 24. HP: 189/193 MP: 27/44
 72315 | Crypt:3  | Reached skill level 19 in Dodging
 72866 | Crypt:3  | Found the +7 sceptre of Torment {pain, torment}
 72888 | Crypt:3  | Identified the ring "Biydghamp" {rC+ rN+ Int-5 Slay+2}
 72888 | Crypt:3  | Identified the amulet of Atheism {Regen+ Str+2}
 72888 | Crypt:3  | Identified the ring "Zoppew" {rN+ Dex+2}
 72946 | Crypt:3  | jfcaron: ??order
 72946 | Crypt:3  | beem: hyperelliptic[1/2]: D:11 -> Lair -> D:12 -> Orc ->
                  | D:15 -> S:3 -> maybe other S:3 -> get both S runes -> maybe
                  | Elf (but not the Elf:3 vault) -> Vaults:4 -> maybe Crypt ->
                  | Depths:4 -> Vaults:5 -> maybe Slime -> Zot ("S" means
                  | Shoals/Snake/Spider/Swamp)
 73268 | Depths:1 | Entered Level 1 of the Depths
 73339 | Depths:1 | HP: 29/250 [ice dragon/blast of cold (34)]
 73687 | Depths:1 | Found a one-way gateway to a ziggurat.
 73834 | Depths:1 | Found a gateway to Hell.
 73865 | Depths:1 | Found a one-way gate to the infinite horrors of the Abyss.
 73920 | Depths:1 | Identified the +1 robe of Jeil Qoi {rPois SInv}
 74136 | Depths:1 | Found the +8 autumn katana {manifold assault}
 74475 | Depths:2 | Identified the +9 long sword of Wyrd {speed, rPois rC+++
                  | MP+9 Str-3}
 74596 | Depths:2 | Found a one-way gate leading to the halls of Pandemonium.
 74702 | Depths:2 | Found a glowing golden altar of the Shining One.
 74705 | Depths:2 | Found a shimmering altar of Xom.
 74705 | Depths:2 | Found an ornate altar of the Wu Jian Council.
 74740 | Depths:2 | Found an ornate altar of the Wu Jian Council.
 74740 | Depths:2 | Found a shimmering altar of Xom.
 74740 | Depths:2 | Found a glowing silver altar of Zin.
 75295 | Depths:3 | Found a corrupted altar of Lugonu.
 75321 | Depths:3 | Found a runed translucent door.
 75321 | Depths:3 | Noticed a juggernaut
 75328 | Depths:3 | Killed a juggernaut
 75329 | Depths:3 | Reached skill level 15 in Transmutations
 75340 | Depths:3 | Noticed a caustic shrike
 75344 | Depths:3 | Found a runed translucent door.
 75468 | Depths:3 | Paralysed by a floating eye for 3 turns
 76224 | Depths:3 | Reached skill level 15 in Poison Magic
 76294 | Depths:3 | Identified the +10 triple sword of the Final Decision
                  | {freeze, rElec rPois rC- rCorr}
 76555 | Depths:3 | Killed a caustic shrike
 76608 | Depths:3 | Identified the +5 falchion of the Imbibing Oracle
                  | {antimagic, *Noise rCorr SInv}
 76626 | Depths:3 | Reached XP level 25. HP: 202/202 MP: 40/44
 76628 | Depths:3 | Reached skill level 20 in Dodging
 76683 | Depths:3 | Got the Catalogue of the Postmortem Door
 76738 | Depths:4 | Entered Level 4 of the Depths
 76738 | Depths:4 | Found a flickering gateway to a bazaar.
 76797 | Bazaar   | Entered a bazaar
 76797 | Bazaar   | Found Sif Orch's Antique Weapon Shop.
 76797 | Bazaar   | Found Aloceupp's General Store.
 76815 | Bazaar   | Found Fycayl's Antique Armour Emporium.
 76833 | Bazaar   | Found Qygingesae's Distillery.
 76853 | Bazaar   | Found Veywero's Jewellery Emporium.
 76878 | Bazaar   | Bought a potion of heal wounds for 75 gold pieces
 76878 | Bazaar   | Bought a potion of curing for 45 gold pieces
 76878 | Bazaar   | Bought a potion of haste for 150 gold pieces
 76878 | Bazaar   | Bought 2 potions of might for 120 gold pieces
 76878 | Bazaar   | Bought a potion of magic for 120 gold pieces
 76878 | Bazaar   | Bought a potion of haste for 150 gold pieces
 76878 | Bazaar   | Bought a potion of cancellation for 120 gold pieces
 76889 | Bazaar   | Bought a dazzling leather armour for 126 gold pieces
 76889 | Bazaar   | Identified the +0 leather armour of Supple Strength {+Blink
                  | Int+4} (You bought it in a shop in a bazaar)
 76907 | Bazaar   | Bought 3 scrolls of teleportation for 108 gold pieces
 76918 | Bazaar   | Bought the ring "Riffoel" {Drain rF+++ Will- MP+9 Slay+5}
                  | for 878 gold pieces
 78611 | Depths:4 | Reached skill level 15 in Conjurations
 78611 | Depths:4 | Reached skill level 15 in Hexes
 78611 | Depths:4 | Reached skill level 15 in Summonings
 78611 | Depths:4 | Reached skill level 15 in Necromancy
 78611 | Depths:4 | Reached skill level 15 in Translocations
 78611 | Depths:4 | Reached skill level 15 in Fire Magic
 78611 | Depths:4 | Reached skill level 15 in Ice Magic
 78611 | Depths:4 | Reached skill level 15 in Air Magic
 78611 | Depths:4 | Reached skill level 15 in Earth Magic
 78654 | Depths:4 | Found a gate to the Realm of Zot.
 79115 | Vaults:5 | Entered Level 5 of the Vaults
 79334 | Vaults:5 | Identified the ring "Qiyraq" {rElec rN+ Dex-3 SInv}
 79635 | Vaults:5 | Identified the ring of Byrezal {MP+9 Str+6 Slay+5}
 79730 | Vaults:5 | Identified the +7 flail of Dismemberment {heavy, Str+6
                  | Dex-3 Stlth+}
 80031 | Vaults:5 | Reached skill level 21 in Dodging
 80068 | Vaults:5 | Reached XP level 26. HP: 202/209 MP: 44/45
 80531 | Vaults:5 | Noticed a dread lich
 80545 | Vaults:5 | Killed a dread lich
 80557 | Vaults:5 | Identified the +1 leather armour of Soedizxapso {+Blink
                  | rElec rN+ Str+2}
 80695 | Vaults:5 | Acquired the +2 hat of Grot {rF+ Regen+ rCorr SInv}
 80979 | Vaults:5 | Got a silver rune of Zot
 82516 | Slime:1  | Entered Level 1 of the Pits of Slime
 82720 | Slime:5  | Entered Level 5 of the Pits of Slime
 82736 | Slime:5  | Noticed the Royal Jelly
 82747 | Slime:5  | Killed the Royal Jelly
 82885 | Slime:5  | Identified the +7 dagger of Cauph {elec, rN+ Dex+3}
 82891 | Slime:5  | Got a slimy rune of Zot
 82917 | Slime:5  | Identified the +5 war axe of the Spinneret {heavy, rElec
                  | SInv Stlth+}
 82925 | Slime:5  | Got the Treatise on Green Unspeakable Spells
 82938 | Slime:5  | Identified the staff of poison "Lazofuwn" {rPois Dex+2}
 83998 | Zot:1    | Entered Level 1 of the Realm of Zot
 84069 | Depths:4 | Reached skill level 22 in Dodging
 84405 | Zot:1    | Reached XP level 27. HP: 220/220 MP: 46/46
 84489 | Zot:1    | Identified the +2 quarterstaff of Diet Blood {heavy, rF+
                  | MP-9 Dex+8}
 85079 | Zot:2    | Found a transporter.
 85557 | Zot:2    | Found a transporter.
 85841 | Zot:2    | Noticed an orb of fire
 85844 | Zot:2    | Noticed an ancient lich
 85861 | Zot:2    | Killed an orb of fire
 85864 | Zot:2    | Killed an ancient lich
 85944 | Zot:2    | Identified the +7 great mace "Ruddal" {holy, Dex+6}
 85966 | Zot:2    | Identified the staff of fire "Yraluce" {rF+ MP+9 Stlth+}
 85977 | Zot:2    | Identified the ring "Rucuh" {rF+ AC+4}
 85988 | Zot:2    | Identified the ring "Lailuy" {rPois AC+4 Str+2}
 87768 | Zot:4    | Reached skill level 23 in Dodging
 88319 | Zot:5    | Entered Level 5 of the Realm of Zot
 88891 | Zot:5    | Noticed an orb of fire
 88895 | Zot:5    | Noticed an orb of fire
 88895 | Zot:5    | Noticed an ancient lich
 89140 | Zot:5    | Noticed an orb of fire
 89141 | Zot:5    | Noticed an orb of fire
 89147 | Zot:5    | Gained mutation: Armour fits poorly on your strangely
                  | shaped body. [an orb of fire]
 89156 | Zot:5    | Killed an orb of fire
 89172 | Zot:5    | Noticed an ancient lich
 89176 | Zot:5    | Noticed an orb of fire
 89178 | Zot:5    | Noticed an orb of fire
 89517 | Zot:5    | Got the Orb of Zot
 89801 | D:12     | Noticed Paloch the pandemonium lord
 90035 | D:$      | Escaped with the Orb!

Illustrated notes

Levels and vault maps discovered:
D:1:      tarquinn_simple_flora_water_c, layout_loops_ring,
          shapermc_ecumenical_altar_pompeii
D:2:      layout_basic, basic_altar
D:3:      layout_loops_corners, minmay_misc_feat_tower,
          hangedman_feature_mirror, uniq_robin, uniq_crazy_yiuf_cottage,
          uniq_grinder
D:4:      layout_cave_pools, serial_shops, kennysheep_mini,
          kennysheep_crisscross, minmay_rat_hole
D:5:      layout_rooms, minmay_temple_entry_offerings
D:6:      layout_loops_corners, kennysheep_mini_moat
D:7:      layout_cave_pods, minmay_misc_feat_ornament
D:8:      layout_basic, grunt_gozag_statues, mainiacjoe_overflow_brackets,
          overflow_temple_1_default, uniq_pikel, uniq_maurice
D:9:      layout_basic, serial_corexii_hall, corexii_hall_statues_t,
          chequers_hall_statues_y, enter_bailey_3, wad_floor_pattern_2,
          dk_rats_in_the_wall
D:10:     layout_rooms, general_overflow_altar, grunt_lair_entry_orc_guard_hut,
          uniq_psyche
D:11:     layout_basic
D:12:     layout_small_grid, erik_orc_4
D:13:     layout_cave_pools, grunt_vaults_entry_fortified
D:14:     thingy_vault, layout_gridville, serial_ice, serial_ice_a,
          serial_ice_f, serial_ice_i, serial_ice_c,
          portal_ice_cave_entry_dragon, minmay_misc_feat_more_columns
D:15:     gammafunk_depths_entry_grave, layout_loops_corners,
          nicolae_tso_swordbearing_angel, nicolae_wwwww, evilmike_butchery,
          uniq_nessos
Lair:1:   layout_cave_pods, dreamdust_wasp_nest, lemuel_fruit_tree, uniq_amaemon
Lair:2:   layout_regular_city, nicolae_shoals_entry_roost,
          nicolae_snake_entry_squirm
Lair:3:   layout_chaotic_city, serial_bayou_shore_b
Lair:4:   layout_roguey, nicolae_volcano_entry_vermiform,
          cheibrodos_lair_caveside_slide
Lair:5:   due_jungle_book, layout_regular_city, dpeg_slime_entry_enclosed,
          gammafunk_ghost_hydra_chop, minivault_11, kennysheep_snail_temple
Shoals:1: gammafunk_sealed_arena, layout_shoals, dpeg_stationary_puzzle,
          uniq_donald
Shoals:2: layout_shoals, uniq_polyphemus, uniq_louise
Shoals:3: nicolae_shoals_island_circles, layout_shoals, uniq_roxanne
Shoals:4: shoals_end_simple, layout_shoals, shoal_ilsuiw,
          ebering_ghost_disaster_area, nicolae_shoals_loop_pool
Snake:1:  layout_misc_corridors, serial_bayou_shore_a
Snake:2:  hangedman_cross_stitches, layout_misc_corridors, serial_bayou_shore_b
Snake:3:  layout_onion_interference, gammafunk_ghost_split,
          nicolae_snake_the_dead_are_slithering, grunt_megastairs_2
Snake:4:  grunt_snake_rune_spirals, layout_concentric_octagons, uniq_aizul
Slime:1:  layout_caves
Slime:2:  layout_caves
Slime:3:  layout_caves
Slime:4:  layout_caves
Slime:5
Orc:1:    dreamdust_under_siege, layout_caves, mines2_david
Orc:2:    st_orc_elflike, layout_caves, uniq_azrael, uniq_rupert, uniq_josephine
Elf:1:    layout_geoelf_grid, minmay_elf_demonology, eino_tiny_chamber
Elf:2:    elven_hall_of_blades_hangedman_alternative
          [nicolae_blade_entry_splitting_headache], layout_geoelf_diagonals,
          serial_shops, bzr_entry_dummy, ebering_ghost_disaster_area
Elf:3:    minmay_elf_hall_spiked, layout_geoelf_castle, serial_shops,
          nicolae_shop_competitors_out_of_business
Vaults:1: st_lines, hangedman_vaults_slice, v_misc_26,
          nicolae_vaults_border_crossing, hangedman_vaults_stitches,
          nicolae_vaults_little_squares_6, nicolae_vaults_gold_heap, v_misc_19,
          nicolae_vaults_angled_halls, layout_vaults_chaotic_city, serial_shops,
          nicolae_shop_crystal, nicolae_trove_entry_path_of_doom
Vaults:2: nicolae_vaults_specimen_jars, v_misc_17, dpeg_vaults_monster_row,
          ontoclasm_vaults_idyll, vaults_room_fancy_cross, v_misc_3,
          vaults_standard_mumra_enter_the_diamond, v_misc_14,
          nicolae_vaults_little_squares_3, grunt_vaults_funnel, v_misc_25,
          st_cells, ontoclasm_vaults_gateway, nicolae_vaults_what_the_h,
          vaults_dpeg_ring, grunt_vaults_focal, layout_vaults_omnicross,
          serial_shops, nicolae_shop_overgrown_old_shop
Vaults:3: nicolae_vaults_circle_grid_b, v_alt_pattern_4,
          minmay_crypt_entry_simple_statues, vaults_dpeg_diagonal,
          vaults_mumra_minichess_inversion, v_alt_pattern_1,
          vaults_room_door_ring, vaults_room_stairs_pillars, v_alt_pattern_3,
          vaults_room_corners, layout_vaults_omnigrid
Vaults:4: nicolae_vaults_ninety_degrees, hangedman_vaults_hat,
          ontoclasm_vaults_pinch, v_misc_12, v_misc_14,
          nicolae_vaults_know_your_exits, nicolae_vaults_little_squares_2,
          v_misc_4, v_misc_30, ontoclasm_vaults_ring_small, v_pattern_5,
          layout_vaults_maze, serial_shops, shop, uniq_bai_suzhen
Vaults:5: serial_shops
Crypt:1:  layout_gridlike
Crypt:2:  layout_chaotic_city, uniq_sojobo
Crypt:3:  due_elkab, layout_chaotic_city, uniq_xtahua
Depths:1: layout_cave_pools, enter_ziggurat_e, hell_entry, abyss_entry,
          ebering_dispersal_statue_hall, wheals_unrand_guarded_autumn_katana
Depths:2: hellmonk_ruined_rings, layout_cave_pools, pf_hell_entry_great_geh,
          pan_entry, doesnt_xom_only_xom
Depths:3: minmay_expanding_circles, layout_basic, serial_sigils_hangedman_snap,
          hell_entry, abyss_entry_flame_altar, hangedman_aviary,
          grunt_megastairs_1, infiniplex_staircase_spiral_double
Depths:4: grunt_zot_entry_bicorn, layout_honeycomb, grunt_decor_mini_mirrors,
          pf_hell_entry_tar_river, serial_shops, bzr_entry_customers
Zot:1:    grunt_twist_and_shout, layout_onion_interference
Zot:2:    gammafunk_dig_for_victory, layout_basic,
          hangedman_zot_decor_checkerboard
Zot:3:    layout_gridlike
Zot:4:    layout_misc_corridors, hangedman_zot_spectrum
Zot:5:    layout_misc_corridors

Skill      XL: |  1  2  3  4  5  6  7  8  9 10 11 12 13 14 15 16 17 18 19 20 21 22 23 24 25 26 27 |
---------------+----------------------------------------------------------------------------------+-----
Spellcasting   | 5 6 7 8 9 10 11 12 13 14 15 16 17 18 19 20 | 20.1
Invocations    | 1 2 3 4 5 6 7 8 10 11 12 13 14 15 16 17 18 19 20 21 | 21.1
Short Blades   | 1 2 3 5 6 7 8 9 10 11 12 13 14 15 16 17 18 19 | 19.6
Long Blades    | 1 2 3 5 6 7 8 9 10 11 12 13 14 15 16 17 18 19 | 19.6
Axes           | 1 2 3 5 6 7 8 9 10 11 12 13 14 15 16 17 18 19 | 19.6
Maces & Flails | 1 2 3 5 6 7 8 9 10 11 12 13 14 15 16 17 18 19 | 19.6
Polearms       | 1 2 3 5 6 7 8 9 10 11 12 13 14 15 16 17 18 19 | 19.6
Staves         | 1 2 3 5 6 7 8 9 10 11 12 13 14 15 16 17 18 19 | 19.6
Ranged Weapons | 1 2 3 5 6 7 8 9 10 11 12 13 14 15 16 17 18 19 | 19.6
Throwing       | 1 2 3 5 6 7 8 9 10 11 12 13 14 15 16 17 18 19 | 19.6
Armour         | 1 2 3 5 6 7 8 9 10 11 12 13 14 15 16 17 18 19 | 19.6
Stealth        | 1 2 3 5 6 7 8 9 10 11 12 13 14 15 16 17 18 19 | 19.6
Shields        | 1 2 3 5 6 7 8 9 10 11 12 13 14 15 16 17 18 19 | 19.6
Evocations     | 1 2 3 5 6 7 8 9 10 11 12 13 14 15 16 17 18 19 | 19.6
Conjurations   | 1 2 3 4 5 6 7 8 9 10 11 12 13 14 15 16 | 16.7
Hexes          | 1 2 3 4 5 6 7 8 9 10 11 12 13 14 15 16 | 16.7
Summonings     | 1 2 3 4 5 6 7 8 9 10 11 12 13 14 15 16 | 16.7
Necromancy     | 1 2 3 4 5 6 7 8 9 10 11 12 13 14 15 16 | 16.7
Translocations | 1 2 3 4 5 6 7 8 9 10 11 12 13 14 15 16 | 16.7
Fire Magic     | 1 2 3 4 5 6 7 8 9 10 11 12 13 14 15 16 | 16.7
Ice Magic      | 1 2 3 4 5 6 7 8 9 10 11 12 13 14 15 16 | 16.7
Air Magic      | 1 2 3 4 5 6 7 8 9 10 11 12 13 14 15 16 | 16.7
Earth Magic    | 1 2 3 4 5 6 7 8 9 10 11 12 13 14 15 16 | 16.7
Poison Magic   | 1 2 3 4 5 6 7 8 9 10 11 12 13 14 15 16 17 18 | 18.8
Fighting       | 3 4 5 6 7 8 9 10 11 12 13 14 15 16 17 18 20 | 20.8
Dodging        | 5 6 7 8 9 10 11 12 13 14 15 16 17 18 19 21 22 23 | 23.6
Transmutations | 4 5 6 7 8 9 10 11 12 13 14 15 16 17 | 17.1
Unarmed Combat | 7 8 9 10 11 12 13 14 15 16 17 18 19 20 | 20.4

Action                     |  1- 3 |  4- 6 |  7- 9 | 10-12 | 13-15 | 16-18 | 19-21 | 22-24 | 25-27 || total
---------------------------+-------+-------+-------+-------+-------+-------+-------+-------+-------++-------
  Melee: Unarmed           |    64 |   121 |   190 |   332 |   262 |       |       |    12 |       ||   981
         Bite              |     5 |    12 |    19 |    72 |   146 |    98 |    81 |   140 |   242 ||   815
         Kick              |     5 |    19 |    36 |   131 |   160 |    14 |       |       |       ||   365
         Headbutt          |     8 |    14 |    21 |    83 |   116 |     6 |       |       |       ||   248
         Punch             |       |     3 |     8 |    24 |       |       |       |       |       ||    35
         Dagger            |       |       |     9 |    92 |   290 |   411 |   316 |   138 |       ||  1256
         War axe           |       |       |       |    49 |   233 |       |       |       |       ||   282
         Demon whip        |       |       |       |    11 |       |       |       |       |       ||    11
         Scimitar          |       |       |       |       |    27 |   147 |   123 |   336 |       ||   633
         Eveningstar       |       |       |       |       |       |       |       |   144 |   229 ||   373
         Katana            |       |       |       |       |       |       |       |    84 |  1223 ||  1307
   Fire: Hand crossbow     |       |       |    94 |   196 |   557 |   135 |   484 |   344 |   164 ||  1974
  Throw: Dart              |       |     7 |    10 |    19 |    18 |   148 |    11 |     2 |     1 ||   216
         Boomerang         |       |       |    13 |   105 |       |   146 |   196 |   190 |       ||   650
         Stone             |       |       |       |     8 |    98 |   147 |    14 |       |       ||   267
         Javelin           |       |       |       |       |    24 |    10 |    19 |    25 |     4 ||    82
         Throwing net      |       |       |       |       |     1 |     1 |     1 |       |     1 ||     4
   Cast: Beastly Appendage |    16 |    20 |    17 |    30 |    25 |     2 |       |       |     2 ||   112
         Wereblood         |       |     2 |     7 |    16 |    14 |     1 |     1 |     2 |    16 ||    59
         Ensorcelled Hiber |       |       |       |       |     6 |    13 |     8 |       |       ||    27
         Summon Lightning  |       |       |       |       |   133 |   151 |   105 |    37 |    32 ||   458
         Blink             |       |       |       |       |     8 |       |     1 |       |       ||     9
         Apportation       |       |       |       |       |     2 |       |     5 |       |       ||     7
         Flame Wave        |       |       |       |       |     4 |     8 |     5 |    21 |       ||    38
         Lee's Rapid Decon |       |       |       |       |       |   130 |   150 |    86 |     6 ||   372
         Irradiate         |       |       |       |       |       |     1 |     4 |     5 |     3 ||    13
         Summon Mana Viper |       |       |       |       |       |       |    28 |     3 |       ||    31
         Call Canine Famil |       |       |       |       |       |       |    28 |     7 |       ||    35
         Iron Shot         |       |       |       |       |       |       |    15 |    67 |    24 ||   106
         Borgnjor's Vile C |       |       |       |       |       |       |    14 |    85 |    49 ||   148
         Statue Form       |       |       |       |       |       |       |       |    55 |    80 ||   135
 Invoke: Potion Petition   |       |       |       |       |     1 |       |       |       |     1 ||     2
         Call Merchant     |       |       |       |       |       |     2 |       |       |       ||     2
         Bribe Branch      |       |       |       |       |       |       |       |       |     9 ||     9
  Evoke: Wand              |       |       |       |    18 |    16 |    19 |    39 |    23 |    54 ||   169
         Condenser vane    |       |       |       |       |       |     1 |     8 |     4 |     3 ||    16
         Tin of tremorston |       |       |       |       |       |       |     8 |     7 |     6 ||    21
         Phantom mirror    |       |       |       |       |       |       |       |     2 |     1 ||     3
         Lightning rod     |       |       |       |       |       |       |       |       |    10 ||    10
    Use: Scroll            |       |     4 |    14 |     8 |    12 |    12 |     6 |     3 |    15 ||    74
         Potion            |       |     2 |     3 |     2 |     4 |       |     1 |     2 |     5 ||    19
   Stab: Sleeping          |     1 |     2 |     1 |       |     4 |    19 |     9 |    18 |     7 ||    61
         Distracted        |       |     2 |       |     4 |    19 |    27 |    15 |    16 |    34 ||   117
         Invisible         |       |       |       |       |     3 |       |       |       |     2 ||     5
         Petrifying        |       |       |       |       |       |       |     3 |       |     2 ||     5
         Petrified         |       |       |       |       |       |       |     2 |       |       ||     2
         Held in net/web   |       |       |       |       |       |       |       |       |     1 ||     1
 Armour: Robe              |     9 |    20 |    23 |       |       |       |       |    15 |    31 ||    98
         Ring mail         |       |       |    16 |   142 |    69 |    18 |       |       |       ||   245
         Skin              |       |       |     3 |    33 |       |       |       |   351 |   445 ||   832
         Leather armour    |       |       |       |       |   205 |    84 |    86 |       |       ||   375
         Scale mail        |       |       |       |       |       |       |    55 |    64 |       ||   119
  Dodge: Dodged            |    39 |    73 |   124 |   371 |   580 |   317 |   293 |   724 |   946 ||  3467
  Block: Kite shield       |       |       |       |    52 |   606 |   417 |   427 |   812 |  1186 ||  3500

Table legend: (Time is in decaauts)
 A = Elapsed time spent in this place.
 B = Non-inter-level travel time spent in this place.
 C = Inter-level travel time spent in this place.
 D = Time resting spent in this place.
 E = Time spent auto-exploring this place.
 F = Levels seen in this place.
 G = Mean time per level.
                   A        B        C        D        E       F      G
               +--------+--------+--------+--------+--------+-----+--------+
         Total |  93129 |  83555 |   9574 |  20598 |  39807 |  60 | 1552.2 |
       Dungeon |  20692 |  17910 |   2782 |   3731 |  10505 |  15 | 1379.5 |
          Lair |  15366 |  13701 |   1665 |   4791 |   6091 |   5 | 3073.2 |
        Shoals |   5192 |   4492 |    700 |   1116 |   1721 |   4 | 1298.0 |
     Snake Pit |   7619 |   6970 |    649 |   2498 |   2408 |   4 | 1904.8 |
    Slime Pits |    759 |    688 |     71 |      0 |      0 |   5 |  151.8 |
  Orcish Mines |   3117 |   2537 |    580 |    765 |   1018 |   2 | 1558.5 |
   Elven Halls |   7287 |   6670 |    617 |   2064 |   2569 |   3 | 2429.0 |
        Vaults |  11120 |  10132 |    988 |   2244 |   4790 |   5 | 2224.0 |
         Crypt |   6474 |   5928 |    546 |   1365 |   3122 |   3 | 2158.0 |
        Depths |   6404 |   5800 |    604 |    586 |   3438 |   4 | 1601.0 |
           Zot |   5970 |   5604 |    366 |    245 |   3637 |   5 | 1194.0 |
        Bazaar |    399 |    399 |      0 |      0 |    176 |   2 |  199.5 |
        Bailey |    748 |    748 |      0 |    316 |      0 |   1 |  748.0 |
      Ice Cave |   1348 |   1348 |      0 |    489 |    329 |   1 | 1348.0 |
       Volcano |    627 |    627 |      0 |    383 |      0 |   1 |  627.0 |
               +--------+--------+--------+--------+--------+-----+--------+

Top non-repeatable levels by time:
  Lair:5: 5829 daAuts
  Lair:2: 3483 daAuts
   Elf:3: 3340 daAuts
 Crypt:3: 3267 daAuts
Vaults:5: 2776 daAuts
   Elf:2: 2742 daAuts
    D:15: 2702 daAuts
  Lair:1: 2655 daAuts
Depths:4: 2649 daAuts
 Snake:4: 2410 daAuts
Vaults:2: 2336 daAuts
Vaults:3: 2234 daAuts
Vaults:1: 2152 daAuts
   Orc:2: 1970 daAuts
Depths:3: 1939 daAuts

Table legend: (Time is in decaauts)
 A = Elapsed time spent in this place.
 B = Non-inter-level travel time spent in this place.
 C = Inter-level travel time spent in this place.
 D = Time resting spent in this place.
 E = Time spent auto-exploring this place.
 F = Levels seen in this place.
 G = Mean time per level.
                   A        B        C        D        E       F      G
               +--------+--------+--------+--------+--------+-----+--------+
         Total |  93129 |  83555 |   9574 |  20598 |  39807 |  60 | 1552.2 |
       Dungeon |  20692 |  17910 |   2782 |   3731 |  10505 |  15 | 1379.5 |
          Lair |  15366 |  13701 |   1665 |   4791 |   6091 |   5 | 3073.2 |
        Shoals |   5192 |   4492 |    700 |   1116 |   1721 |   4 | 1298.0 |
     Snake Pit |   7619 |   6970 |    649 |   2498 |   2408 |   4 | 1904.8 |
    Slime Pits |    759 |    688 |     71 |      0 |      0 |   5 |  151.8 |
  Orcish Mines |   3117 |   2537 |    580 |    765 |   1018 |   2 | 1558.5 |
   Elven Halls |   7287 |   6670 |    617 |   2064 |   2569 |   3 | 2429.0 |
        Vaults |  11120 |  10132 |    988 |   2244 |   4790 |   5 | 2224.0 |
         Crypt |   6474 |   5928 |    546 |   1365 |   3122 |   3 | 2158.0 |
        Depths |   6404 |   5800 |    604 |    586 |   3438 |   4 | 1601.0 |
           Zot |   5970 |   5604 |    366 |    245 |   3637 |   5 | 1194.0 |
        Bazaar |    399 |    399 |      0 |      0 |    176 |   2 |  199.5 |
        Bailey |    748 |    748 |      0 |    316 |      0 |   1 |  748.0 |
      Ice Cave |   1348 |   1348 |      0 |    489 |    329 |   1 | 1348.0 |
       Volcano |    627 |    627 |      0 |    383 |      0 |   1 |  627.0 |
               +--------+--------+--------+--------+--------+-----+--------+

Top non-repeatable levels by time:
  Lair:5: 5829 daAuts
  Lair:2: 3483 daAuts
   Elf:3: 3340 daAuts
 Crypt:3: 3267 daAuts
Vaults:5: 2776 daAuts
   Elf:2: 2742 daAuts
    D:15: 2702 daAuts
  Lair:1: 2655 daAuts
Depths:4: 2649 daAuts
 Snake:4: 2410 daAuts
Vaults:2: 2336 daAuts
Vaults:3: 2234 daAuts
Vaults:1: 2152 daAuts
   Orc:2: 1970 daAuts
Depths:3: 1939 daAuts

Table legend:
 A = Kills in this place as a percentage of kills in the entire game.
 B = Kills by you in this place as a percentage of kills by you in the entire game.
 C = Kills by friends in this place as a percentage of kills by friends in the entire game.
 D = Other kills in this place as a percentage of other kills in the entire game.
 E = Experience gained in this place as a percentage of experience gained in the entire game.
 F = Experience gained in this place divided by the number of levels of this place that you have seen.
                   A       B       C       D       E      F
               +-------+-------+-------+-------+-------+----------------------
         Total | 100.0 | 100.0 | 100.0 | 100.0 | 100.0 | 24860.7
       Dungeon |  18.3 |  18.6 |  17.5 |   4.0 |   6.1 | 6107.9
          Lair |   8.8 |   9.5 |   6.1 |   0.0 |   4.8 | 14286.4
        Shoals |   7.0 |   6.3 |  10.1 |   0.0 |   6.6 | 24549.8
     Snake Pit |  10.2 |   9.4 |  14.2 |   4.0 |   9.0 | 33656.0
    Slime Pits |   3.1 |   3.8 |   0.0 |   0.0 |   3.6 | 10603.8
  Orcish Mines |   4.9 |   3.4 |  11.6 |   4.0 |   1.5 | 11295.0
   Elven Halls |   5.5 |   5.7 |   4.4 |   8.0 |   7.2 | 35732.3
        Vaults |  15.8 |  17.2 |  10.7 |   0.0 |  22.2 | 66285.8
         Crypt |   6.3 |   7.1 |   3.1 |   0.0 |   7.5 | 37279.0
        Depths |   8.3 |  10.0 |   0.9 |   4.0 |  13.8 | 51308.5
           Zot |   8.1 |   5.4 |  16.6 |  76.0 |  15.7 | 46753.2
        Bailey |   1.8 |   2.2 |   0.0 |   0.0 |   0.2 | 2490.0
      Ice Cave |   1.6 |   0.9 |   4.8 |   0.0 |   1.7 | 25109.0
       Volcano |   0.4 |   0.5 |   0.0 |   0.0 |   0.2 | 3094.0
               +-------+-------+-------+-------+-------+----------------------

Levels and vault maps discovered:
D:1:      tarquinn_simple_flora_water_c, layout_loops_ring,
          shapermc_ecumenical_altar_pompeii
D:2:      layout_basic, basic_altar
D:3:      layout_loops_corners, minmay_misc_feat_tower,
          hangedman_feature_mirror, uniq_robin, uniq_crazy_yiuf_cottage,
          uniq_grinder
D:4:      layout_cave_pools, serial_shops, kennysheep_mini,
          kennysheep_crisscross, minmay_rat_hole
D:5:      layout_rooms, minmay_temple_entry_offerings
D:6:      layout_loops_corners, kennysheep_mini_moat
D:7:      layout_cave_pods, minmay_misc_feat_ornament
D:8:      layout_basic, grunt_gozag_statues, mainiacjoe_overflow_brackets,
          overflow_temple_1_default, uniq_pikel, uniq_maurice
D:9:      layout_basic, serial_corexii_hall, corexii_hall_statues_t,
          chequers_hall_statues_y, enter_bailey_3, wad_floor_pattern_2,
          dk_rats_in_the_wall
D:10:     layout_rooms, general_overflow_altar, grunt_lair_entry_orc_guard_hut,
          uniq_psyche
D:11:     layout_basic
D:12:     layout_small_grid, erik_orc_4
D:13:     layout_cave_pools, grunt_vaults_entry_fortified
D:14:     thingy_vault, layout_gridville, serial_ice, serial_ice_a,
          serial_ice_f, serial_ice_i, serial_ice_c,
          portal_ice_cave_entry_dragon, minmay_misc_feat_more_columns
D:15:     gammafunk_depths_entry_grave, layout_loops_corners,
          nicolae_tso_swordbearing_angel, nicolae_wwwww, evilmike_butchery,
          uniq_nessos
Lair:1:   layout_cave_pods, dreamdust_wasp_nest, lemuel_fruit_tree, uniq_amaemon
Lair:2:   layout_regular_city, nicolae_shoals_entry_roost,
          nicolae_snake_entry_squirm
Lair:3:   layout_chaotic_city, serial_bayou_shore_b
Lair:4:   layout_roguey, nicolae_volcano_entry_vermiform,
          cheibrodos_lair_caveside_slide
Lair:5:   due_jungle_book, layout_regular_city, dpeg_slime_entry_enclosed,
          gammafunk_ghost_hydra_chop, minivault_11, kennysheep_snail_temple
Shoals:1: gammafunk_sealed_arena, layout_shoals, dpeg_stationary_puzzle,
          uniq_donald
Shoals:2: layout_shoals, uniq_polyphemus, uniq_louise
Shoals:3: nicolae_shoals_island_circles, layout_shoals, uniq_roxanne
Shoals:4: shoals_end_simple, layout_shoals, shoal_ilsuiw,
          ebering_ghost_disaster_area, nicolae_shoals_loop_pool
Snake:1:  layout_misc_corridors, serial_bayou_shore_a
Snake:2:  hangedman_cross_stitches, layout_misc_corridors, serial_bayou_shore_b
Snake:3:  layout_onion_interference, gammafunk_ghost_split,
          nicolae_snake_the_dead_are_slithering, grunt_megastairs_2
Snake:4:  grunt_snake_rune_spirals, layout_concentric_octagons, uniq_aizul
Slime:1:  layout_caves
Slime:2:  layout_caves
Slime:3:  layout_caves
Slime:4:  layout_caves
Slime:5
Orc:1:    dreamdust_under_siege, layout_caves, mines2_david
Orc:2:    st_orc_elflike, layout_caves, uniq_azrael, uniq_rupert, uniq_josephine
Elf:1:    layout_geoelf_grid, minmay_elf_demonology, eino_tiny_chamber
Elf:2:    elven_hall_of_blades_hangedman_alternative
          [nicolae_blade_entry_splitting_headache], layout_geoelf_diagonals,
          serial_shops, bzr_entry_dummy, ebering_ghost_disaster_area
Elf:3:    minmay_elf_hall_spiked, layout_geoelf_castle, serial_shops,
          nicolae_shop_competitors_out_of_business
Vaults:1: st_lines, hangedman_vaults_slice, v_misc_26,
          nicolae_vaults_border_crossing, hangedman_vaults_stitches,
          nicolae_vaults_little_squares_6, nicolae_vaults_gold_heap, v_misc_19,
          nicolae_vaults_angled_halls, layout_vaults_chaotic_city, serial_shops,
          nicolae_shop_crystal, nicolae_trove_entry_path_of_doom
Vaults:2: nicolae_vaults_specimen_jars, v_misc_17, dpeg_vaults_monster_row,
          ontoclasm_vaults_idyll, vaults_room_fancy_cross, v_misc_3,
          vaults_standard_mumra_enter_the_diamond, v_misc_14,
          nicolae_vaults_little_squares_3, grunt_vaults_funnel, v_misc_25,
          st_cells, ontoclasm_vaults_gateway, nicolae_vaults_what_the_h,
          vaults_dpeg_ring, grunt_vaults_focal, layout_vaults_omnicross,
          serial_shops, nicolae_shop_overgrown_old_shop
Vaults:3: nicolae_vaults_circle_grid_b, v_alt_pattern_4,
          minmay_crypt_entry_simple_statues, vaults_dpeg_diagonal,
          vaults_mumra_minichess_inversion, v_alt_pattern_1,
          vaults_room_door_ring, vaults_room_stairs_pillars, v_alt_pattern_3,
          vaults_room_corners, layout_vaults_omnigrid
Vaults:4: nicolae_vaults_ninety_degrees, hangedman_vaults_hat,
          ontoclasm_vaults_pinch, v_misc_12, v_misc_14,
          nicolae_vaults_know_your_exits, nicolae_vaults_little_squares_2,
          v_misc_4, v_misc_30, ontoclasm_vaults_ring_small, v_pattern_5,
          layout_vaults_maze, serial_shops, shop, uniq_bai_suzhen
Vaults:5: serial_shops
Crypt:1:  layout_gridlike
Crypt:2:  layout_chaotic_city, uniq_sojobo
Crypt:3:  due_elkab, layout_chaotic_city, uniq_xtahua
Depths:1: layout_cave_pools, enter_ziggurat_e, hell_entry, abyss_entry,
          ebering_dispersal_statue_hall, wheals_unrand_guarded_autumn_katana
Depths:2: hellmonk_ruined_rings, layout_cave_pools, pf_hell_entry_great_geh,
          pan_entry, doesnt_xom_only_xom
Depths:3: minmay_expanding_circles, layout_basic, serial_sigils_hangedman_snap,
          hell_entry, abyss_entry_flame_altar, hangedman_aviary,
          grunt_megastairs_1, infiniplex_staircase_spiral_double
Depths:4: grunt_zot_entry_bicorn, layout_honeycomb, grunt_decor_mini_mirrors,
          pf_hell_entry_tar_river, serial_shops, bzr_entry_customers
Zot:1:    grunt_twist_and_shout, layout_onion_interference
Zot:2:    gammafunk_dig_for_victory, layout_basic,
          hangedman_zot_decor_checkerboard
Zot:3:    layout_gridlike
Zot:4:    layout_misc_corridors, hangedman_zot_spectrum
Zot:5:    layout_misc_corridors
